 Dungeon Crawl Stone Soup version 0.31-a0-848-gaac375c287 (webtiles) character file.

Game seed: 13695600434585478514

1650488 ragingrage the Djinni of Death (level 27, 199/211 HPs)
             Began as a Djinni Ice Elementalist on Oct 1, 2023.
             Was an Initiate of Gozag.
             Escaped with the Orb
             ... and 3 runes on Oct 4, 2023!
             The game lasted 01:55:58 (70598 turns).

ragingrage the Djinni of Death (DjIE)              Turns: 70598, Time: 01:55:59

Health: 199/211    AC: 20    Str: 11    XL:     27
Gold:   21664      EV: 24    Int: 37    God:    Gozag SH: 21 Dex: 21

rFire   + + +        s - +6 Majin-Bo {spellvamp, MP+6 Int+6}
rCold   + . .        B - +2 shield of Resistance {rF++ rC++ Will++}
rNeg    + + .        r - +3 leather armour of the Arena {Rampage rElec Stlth+}
rPois   ∞            j - +2 helmet {Int+3}
rElec   +            A - +2 cloak "Diycsefo" {rC- rN+ MP-9 Dex+4}
rCorr   .            V - +2 pair of gloves {Str+3}
SInv    +            (boots unavailable)
Will    ++++.        i - amulet of regeneration
Stlth   +            b - ring "Ycaoliyn" {rC+ rN+ Str+3}
HPRegen 1.35/turn    q - +4 ring of protection
MPRegen 0.00/turn

%: clarity, rampage
@: gold aura, flying, studying 3 skills
A: sickness immunity, fire resistance 2, cold vulnerability 1, float, innate
caster, HP casting, extra vitality 1, large bone plates 1, see invisible,
clarity, weak 1
0: Orb of Zot
}: 3/15 runes: decaying, slimy, gossamer
a: Renounce Religion, Potion Petition, Call Merchant, Bribe Branch


You escaped.
You worshipped Gozag.
Gozag was extremely pleased with you.
You visited 11 branches of the dungeon, and saw 52 of its levels.
You visited 1 ziggurat, and saw 12 of its levels.
You also visited: Trove, Bailey, Gauntlet, Ice Cave and Wizlab.

You collected 27018 gold pieces.
You spent 4237 gold pieces at shops.
You paid 1117 gold pieces to Gozag.

Inventory:

Hand Weapons
 g - a +2 demon whip of electrocution
 s - the +6 Majin-Bo (weapon) {spellvamp, MP+6 Int+6}
   (You found it on level 5 of the Pits of Slime)

   Int+6:     It affects your intelligence (+6).
   MP+6:      It affects your magic capacity (+6).
Missiles
 C - 2 throwing nets
Armour
 j - a +2 helmet of intelligence (worn)
 r - the +3 leather armour of the Arena (worn) {Rampage rElec Stlth+}
   (You took it off a goblin on level 2 of the Dungeon)

   rElec:     It insulates you from electricity.
   Rampage:   It bestows one free step when moving towards enemies.
   Stlth+:    It makes you more stealthy.
 A - the +2 cloak "Diycsefo" (worn) {rC- rN+ MP-9 Dex+4}
   (You bought it in a shop on level 2 of the Orcish Mines)

   Dex+4:     It affects your dexterity (+4).
   rC-:       It makes you vulnerable to cold.
   rN+:       It protects you from negative energy.
   MP-9:      It affects your magic capacity (-9).
 B - the +2 shield of Resistance (worn) {rF++ rC++ Will++}
   (You bought it in a shop on level 2 of the Orcish Mines)

   rF++:      It greatly protects you from fire.
   rC++:      It greatly protects you from cold.
   Will++:    It greatly increases your willpower.
 V - a +2 pair of gloves of strength (worn)
Magical Staves
 Q - the staff "Zafyps" {rElec Stlth+ Air}
   (You found it on level 2 of a ziggurat)

   [staff of air]

   Base accuracy: +5 Base damage: 5 Base attack delay: 1.2 This weapon's minimum
   attack delay (0.6) is reached at skill level 12.
   rElec:     It insulates you from electricity.
   Stlth+:    It makes you more stealthy.
   Air:       It increases the power of your Air spells.
   It falls into the 'Staves' category.
   It is a one-handed weapon.
Jewellery
 b - the ring "Ycaoliyn" (left hand) {rC+ rN+ Str+3}
   (You acquired it on level 1 of the Depths)

   [ring of protection from cold]

   Str+3:     It affects your strength (+3).
   rC+:       It protects you from cold.
   rN+:       It protects you from negative energy.
 i - an amulet of regeneration (around neck)
 n - the ring "Zatsism" {rC+ rN+ rCorr Int-3}
   (You found it on level 5 of the Pits of Slime)

   [ring of positive energy]

   Int-3:     It affects your intelligence (-3).
   rC+:       It protects you from cold.
   rN+:       It protects you from negative energy.
   rCorr:     It protects you from acid and corrosion.
 q - a +4 ring of protection (right hand)
 R - the ring "Osocar" {rElec rC+ rCorr Int-4}
   (You found it on level 10 of a ziggurat)

   [ring of protection from cold]

   Int-4:     It affects your intelligence (-4).
   rC+:       It protects you from cold.
   rElec:     It insulates you from electricity.
   rCorr:     It protects you from acid and corrosion.
 T - a ring of resist corrosion
 W - the ring of the Hippo {rPois rC+ SInv}
   (You found it on level 4 of the Spider Nest)

   [ring of protection from cold]

   rC+:       It protects you from cold.
   rPois:     It protects you from poison SInv: It lets you see invisible.
Wands
 f - a wand of digging (36)
 p - a wand of mindburst (22)
 t - a wand of polymorph (21)
 F - a wand of acid (47)
 J - a wand of roots (73)
 M - a wand of paralysis (71)
 U - a wand of flame (34)
Scrolls
 c - 21 scrolls of teleportation
 d - 5 scrolls of enchant armour
 e - 5 scrolls of silence
 h - 5 scrolls of fear
 m - 11 scrolls of vulnerability
 v - 12 scrolls of fog
 y - 7 scrolls of immolation
 H - 11 scrolls of poison
 I - 11 scrolls of blinking
 L - 6 scrolls of noise
 S - 6 scrolls of revelation
 Y - 4 scrolls of butterflies
Potions
 a - a potion of cancellation
 l - 21 potions of curing
 o - 6 potions of enlightenment
 u - 6 potions of might
 w - 11 potions of haste
 x - 8 potions of mutation
 z - 13 potions of resistance
 D - 4 potions of brilliance
 E - 3 potions of invisibility
 G - 7 potions of ambrosia
 N - 7 potions of attraction
 O - 9 potions of heal wounds
 P - a potion of lignification
 X - 4 potions of berserk rage
Miscellaneous
 k - a box of beasts
 K - a tin of tremorstones (2/2)


   Skills:
 - Level 21.8 Fighting
 - Level 5.0 Armour
 - Level 18.0 Dodging
 - Level 3.0 Stealth
 - Level 17.0 Shields
 * Level 26.3 Spellcasting
 * Level 26.3 Conjurations
 * Level 26.3 Hexes
   Level 0.0 Charms
 * Level 26.3 Summonings
 O Level 27 Necromancy
 * Level 26.3 Translocations
 * Level 26.3 Transmutations
 * Level 26.3 Fire Magic
 * Level 26.3 Ice Magic
 * Level 26.3 Air Magic
 * Level 26.3 Earth Magic
 * Level 26.3 Poison Magic
 - Level 14.0 Evocations


You knew the following spells:

 Your Spells              Type           Power      Damage    Failure   Level
a - Chain Lightning       Conj/Air       63%        3d84      1%          9
b - Summon Cactus Giant   Summ           63%        N/A       0%          6
c - Summon Mana Viper     Hex/Summ       100%       N/A       0%          5
d - Frozen Ramparts       Ice            100%       1d16      0%          3
e - Foxfire               Conj/Fire      100%       2x1d9     0%          1
f - Ozocubu's Armour      Ice            100%       N/A       0%          3
g - Freeze                Ice            100%       1d10      0%          1
h - Swiftness             Air            100%       N/A       0%          3
i - Static Discharge      Conj/Air       100%       2-7/arc   0%          2
j - Agony                 Necr           100%       N/A       0%          5
k - Summon Ice Beast      Ice/Summ       100%       N/A       0%          4
l - Plasma Beam           Fire/Air       63%        2x1d79    0%          6
m - Call Canine Familiar  Summ           100%       N/A       0%          3
n - Enfeeble              Hex            63%        N/A       0%          7
o - Lehudib's Crystal Sp  Conj/Erth      63%        10d15     1%          8
p - Borgnjor's Revivific  Necr           64%        N/A       1%          8
q - Summon Hydra          Summ           63%        N/A       0%          7
Your spell library was empty.

Dungeon Overview and Level Annotations

Branches:
Dungeon (15/15)            Temple (1/1) D:5            Lair (5/5) D:9
  Swamp (4/4) Lair:2       Spider (4/4) Lair:2        Slime (5/5) Lair:4
    Orc (2/2) D:11            Elf (3/3) Orc:2        Vaults (4/5) D:14
  Crypt (0/3) Vaults:2     Depths (4/4) D:15            Zot (5/5) Depths:4
 Bailey (visited)           IceCv (visited)          WizLab (visited)
Gauntlet (visited)

Altars:
Ashenzari
Cheibriados
Dithmenos
Elyvilon
Fedhas
Gozag
Hepliaklqana
Makhleb
Nemelex Xobeh
Okawaru
Qazlal
Ru
Trog
Uskayaw
Wu Jian
Xom
Yredelemnul
Zin
The Shining One
Jiyva

Shops:
D:1 [   D:10 [   D:15 *   Orc:2 (*[=   Elf:1 *   Vaults:1 *?[   Vaults:2 (
Vaults:3 [   Zot:5 *   Depths:1 *([*

Portals:
Hell: Depths:1 Depths:2 Depths:3 Depths:4
Abyss: Depths:1 Depths:2 Depths:3
Pandemonium: Depths:2 Depths:4

Annotations:
D:4 Edmund
Spider:1 1 exclusion
Elf:2 3 runed translucent doors
Vaults:3 1 exclusion
Depths:1 1 runed translucent door, xzight's ghost, legendary MiBe
Depths:2 3 runed translucent doors, frimble's ghost, adept DsGl
Zot:5 3 runed translucent doors, exclusion: obsidian statue, Nykiehar's ghost, legendary GnIE


Innate Abilities, Weirdness & Mutations

You are immune to sickness and miasma.
You are immune to poison.
Your flesh is very heat resistant. (rF++)
You are vulnerable to cold. (rC-)
You float through the air rather than walking.
You learn spells naturally, not from books.
Your magical power is your life essence.
You have superior vitality. (+4 MHP)
You are partially covered in large bone plates. (SH +4)
You have supernaturally acute eyesight. (SInv)
You possess an exceptional clarity of mind.
You are weak. (Str -2)


Message History

There is a stone staircase leading up here.
You fly upwards.
There is a stone staircase leading down here.
You see here a +0 short sword of venom.
A large abomination comes into view.
The large abomination moves out of view.
Things that are here:
2 stones; a +3 dagger Unknown command.
Unknown command.
A large abomination is nearby!
You see here 3 stones.
There is a stone staircase leading up here.
You feel much better.
You feel much better.
You fly upwards.
There is a stone staircase leading down here.
Unknown command.
(D) Dungeon (T) Temple (L) Lair (S) Swamp (N) Spider Nest (M) Slime Pits (O) Orcish Mines (E) Elven Halls (V) Vaults (C) Crypt (U) Depths (H) Hell (Z) Zot
Where to? (Tab/Enter - D:2 @ (x,y), ? - help)
What level of the Dungeon? (default 2, ? - help)
There is a stone staircase leading down here.
There is an open door here.
There is a fountain of clear blue water here.
A red devil comes into view. It is wielding a +0 trident.
Casting: Chain Lightning (dangerous; 1% risk of failure) Lightning arcs from your hands!
The bolt of lightning hits the red devil!!!!
You kill the red devil!
The bolt of lightning hits you! You resist.
Unknown command.
There is an open door here.
There is a staircase leading out of the dungeon here.
You can't go down here!
Unknown command.
Unknown command.
You have escaped!

.........###########...........##
.........# #.....#...........#
.........# #.8.8.##.........##
..(......# #..8...##..##...##
#.......## #.8.8...#########
.........#####........##
.........##..#.###.⌠.⌠.#
.........##.##.+.#.....###
.........##.##.#@#..8..'.#
.........##.##.'.#.....#.#
#.......###.##.###.⌠.⌠.#.#
##.....###..##........##.#
..###÷####.###.8.8...##..#
.[.##.# #..# #.(8.$.##..## #
....#÷# #.## #.8.8.##...# ##
....#.###.# #.....#....# #.
.)......#.##########..#.## #.


There were no monsters in sight!

Vanquished Creatures
  Dissolution (Slime:2)
  the Royal Jelly (Slime:5)
  9 orbs of fire
  3 dread liches (Zot:5)
  2 ancient liches
  3 pandemonium lords
  A juggernaut (Depths:3)
  5 Killer Klowns
  Margery (Depths:1)
  2 curse toes
  2 caustic shrikes
  11 golden dragons
  Arachne (Spider:2)
  A bone dragon (Zig:8)
  4 electric golems
  A Tzitzimitl (D:15)
  13 tentacled monstrosities
  3 liches
  Asterion (Spider:2)
  A titan (Zig:10)
  A walking earthen tome (Depths:3)
  4 walking frostbound tomes
  4 quicksilver dragons
  27 Orb Guardians
  A deep elf blademaster (Elf:3)
  17 acid blobs
  3 sphinxes
  A deep elf master archer (Elf:3)
  2 Executioners
  2 walking divine tomes (Zot:1)
  Frances (Spider:2)
  A tengu reaver (Depths:2)
  7 death cobs
  2 thorn hunters
  6 shadow dragons
  10 storm dragons
  11 azure jellies
  A nagaraja (Zig:9)
  A fenstrider witch (Swamp:4)
  A revenant (Zig:3)
  2 draconian monks
  4 draconian knights
  12 rockslimes
  4 fire giants
  7 frost giants
  5 emperor scorpions
  3 deep elf elementalists (Elf:3)
  2 narguns (Zot:1)
  5 draconian scorchers
  3 balrugs
  A draconian shifter (Zot:1)
  10 ghost moths
  2 curse skulls (Zig:8)
  5 deep elf sorcerers
  3 vault wardens
  7 ironbound preservers
  A ghoul (Zig:3)
  11 draconian annihilators
  5 formless jellyfish
  A broodmother (Spider:4)
  11 quicksilver oozes
  8 draconian stormcallers
  19 very ugly things
  9 stone giants
  7 green draconians
  5 ironbound thunderhulks
  10 black draconians
  4 deep elf annihilators
  6 vampire knights
  2 deep elf demonologists (Elf:3)
  2 eleionomae
  A lorocyproca (Depths:1)
  A wendigo (Zig:1)
  12 spark wasps
  10 dire elephants
  5 bunyips
  9 yellow draconians
  7 purple draconians
  4 red draconians
  5 white draconians
  4 ettins
  2 green deaths (Swamp:4)
  5 deep elf death magi (Elf:3)
  2 mummy priests (Zig:5)
  4 fire dragons
  A great orb of eyes (shapeshifter) (Elf:1)
  3 shambling mangroves
  5 yaktaur captains
  2 jiangshi (D:15)
  5 entropy weavers
  11 great orbs of eyes
  3 vault guards
  8 ice dragons
  4 deep elf high priests
  4 rakshasas
  2 salamander tyrants (Zig:9)
  A ghost crab (Swamp:4)
  16 hydras
  4 radroaches
  3 jorogumos
  An anaconda (Swamp:4)
  2 boulder beetles (Spider:4)
  5 ironbound frosthearts
  6 alligators
  2 spriggan air magi (Zig:10)
  A centaur warrior (D:13)
  2 hell beasts (Swamp:4)
  4 vampire magi
  A dancing weapon (Elf:2)
  3 tengu warriors
  5 deep troll earth magi
  2 deep troll shamans (Depths:2)
  3 spriggan berserkers
  4 sun demons (Depths:3)
  A thrashing horror (Swamp:4)
  2 naga sharpshooters
  5 demonic crawlers
  3 shock serpents
  13 deep elf knights
  2 shadow wraiths (Zig:8)
  2 goliath frogs
  6 hell knights
  3 pharaoh ants
  3 fire crabs (Zig:11)
  A sixfirhy (D:15)
  A salamander mystic (Zig:9)
  An iron troll (Depths:2)
  7 swamp dragons
  5 orb spiders
  A death drake (Swamp:4)
  3 glowing orange brains
  31 deep trolls
  3 steelbarb worms
  2 flayed ghosts (Depths:3)
  A naga ritualist (Zig:9)
  3 obsidian statues
  2 orange crystal statues (Zig:10)
  An orb spider (shapeshifter) (Vaults:3)
  9 bog bodies
  3 lindwurms
  3 necromancers
  3 spriggan druids
  14 deep elf archers
  8 ironbound convokers
  A phantasmal warrior (Zig:8)
  24 deep elf pyromancers
  7 wizards
  23 deep elf zephyrmancers
  16 harpies
  20 ugly things
  5 large abominations
  A mana viper (Zig:9)
  12 wolf spiders
  5 shining eyes
  2 will-o-the-wisps
  2 fire giant skeletons
  28 moths of wrath
  12 black mambas
  A guardian serpent (Zig:9)
  An elephant (Lair:4)
  2 naga magi
  2 apocalypse crabs (Zig:6)
  9 vault sentinels
  4 eyes of devastation
  2 torpor snails
  A smoke demon (D:4)
  2 orange demons
  An ice statue (Spider:1)
  8 yaktaurs
  A rime drake (shapeshifter) (Elf:1)
  A tengu conjurer (Depths:2)
  3 hellions
  A tormentor (Depths:1)
  An efreet (Zig:11)
  3 guardian mummies (Zig:5)
  7 meliai
  A troll (shapeshifter) (Depths:3)
  A red devil (D:1)
  3 tyrant leeches
  5 bloated husks
  8 tarantellas
  2 hellwings
  2 blink frogs (Lair:2)
  A shadow dragon simulacrum (Depths:4)
  2 alligator simulacra (IceCv)
  14 hornets
  2 iron dragon simulacra (Depths:4)
  A raiju (Zig:10)
  A spriggan zombie (Depths:1)
  Sigmund (D:4)
  110 slime creatures
  21 jumping spiders
  3 shadows (Swamp:4)
  A ynoxinul (D:5)
  2 air elementals (Zig:10)
  4 water elementals
  13 culicivoras
  7 yaks
  A human (shapeshifter) (Elf:2)
  13 spriggans
  3 fire elementals
  A fire bat (shapeshifter) (Depths:3)
  8 golden eyes
  23 redbacks
  2 nameless horrors (Spider:2)
  A chaos spawn (D:5)
  5 vampire mosquitoes
  Menkaure (D:6)
  A steam dragon (shapeshifter) (Elf:1)
  A harpy simulacrum (IceCv)
  A warg (shapeshifter) (Elf:3)
  11 swamp worms
  A hydra simulacrum (IceCv)
  A small abomination (Swamp:4)
  A naga (Zig:2)
  5 hell hounds (Zig:11)
  2 water moccasins
  A floating eye (Depths:2)
  2 sky beasts
  An ice beast (Vaults:1)
  2 swamp drakes
  2 black bears
  An ettin simulacrum (IceCv)
  An ogre (D:7)
  A boggart (Elf:1)
  3 centaurs
  A phantom (D:5)
  4 bullfrogs
  A scorpion (shapeshifter) (Elf:1)
  A lindwurm simulacrum (IceCv)
  14 killer bees
  2 electric eels (Elf:3)
  A hound (D:6)
  3 orc priests
  3 jellies
  3 iguanas
  4 orc wizards
  6 mummies (Zig:5)
  9 gnolls
  6 adders
  2 white imps
  An ufetubus (D:4)
  A dart slug (D:1)
  22 orcs
  13 ball pythons
  7 bats
  3 endoplasms
  A giant cockroach (D:3)
  11 goblins
  5 hobgoblins
  2 jackals (D:2)
  7 quokkas
  4 frilled lizards
  A kobold (shapeshifter) (Elf:1)
  18 kobolds
  5 rats
1341 creatures vanquished.

Vanquished Creatures (collateral kills)
  A juggernaut (Depths:3)
  Josephina (Depths:3)
  Xtahua (Vaults:3)
  3 caustic shrikes
  Saint Roka (Orc:2)
  A golden dragon (Depths:3)
  Rupert (D:15)
  2 tentacled monstrosities
  Jorgrun (D:15)
  An Orb Guardian (Zot:2)
  A deep elf blademaster (Elf:3)
  A lich (Vaults:3)
  A walking earthen tome (Depths:3)
  A titan (Depths:3)
  A sphinx (Depths:3)
  4 acid blobs
  2 tengu reavers (Depths:3)
  Kirke (Lair:3)
  2 storm dragons (Zot:3)
  A draconian monk (Zot:2)
  A draconian knight (Zot:2)
  3 fire giants (Depths:3)
  8 rockslimes
  An emperor scorpion (Spider:2)
  Louise (D:14)
  4 deep elf sorcerers
  2 draconian scorchers
  4 vault wardens
  A draconian shifter (Zot:2)
  3 orc warlords
  2 quicksilver oozes (Slime:3)
  A balrug (Gauntlet)
  2 draconian annihilators (Zot:2)
  A black draconian (Zot:1)
  4 ironbound preservers
  A stone giant (D:15)
  A deep elf demonologist (Elf:3)
  10 very ugly things
  An ironbound thunderhulk (Vaults:3)
  12 dire elephants
  2 bunyips
  A minotaur (Gauntlet)
  6 spark wasps
  An ettin (Vaults:3)
  Snorg (D:10)
  A fire dragon (Depths:2)
  A jiangshi (D:15)
  A shambling mangrove (Swamp:2)
  An entropy weaver (Spider:2)
  7 hydras
  A great orb of eyes (Vaults:1)
  A jorogumo (Spider:1)
  2 peacekeepers (Vaults:3)
  A rakshasa (Depths:2)
  An ice dragon (Depths:1)
  Erolcha (Orc:1)
  A yaktaur captain (Vaults:3)
  2 ghost crabs (Lair:2)
  A spriggan air mage (Depths:2)
  3 vault guards (Vaults:3)
  An alligator (Swamp:3)
  Erica (Lair:1)
  A radroach (Spider:2)
  An ogre mage (Depths:2)
  4 two-headed ogres
  19 dancing weapons
  A merfolk avatar (Lair:5)
  2 centaur warriors
  A death knight (D:14)
  A tengu warrior (D:15)
  2 orc high priests
  3 spriggan berserkers
  A demonic crawler (Spider:1)
  2 hell knights
  2 iron trolls (Depths:2)
  Nergalle (Orc:1)
  9 deep trolls
  A pharaoh ant (Spider:1)
  5 skeletal warriors (D:12)
  A quicksilver dragon simulacrum (Depths:1)
  5 glowing orange brains
  2 sea snakes (Lair:5)
  5 orb spiders
  3 wizards
  A goliath frog (Swamp:1)
  A steelbarb worm (Spider:1)
  3 ironbound convokers
  A deep elf archer (Elf:1)
  7 deep elf zephyrmancers
  8 deep elf pyromancers
  A sphinx simulacrum (Depths:4)
  6 orc knights
  A harpy (Vaults:3)
  4 wolf spiders
  2 shining eyes
  A cyclops (shapeshifter) (D:13)
  3 cyclopes
  33 ugly things
  4 orc sorcerers
  2 vault sentinels (Vaults:3)
  2 manticores (D:15)
  4 moths of wrath
  26 elephants (Lair:4)
  A naga mage (Depths:2)
  A molten gargoyle (D:14)
  5 black mambas
  A titan simulacrum (Depths:4)
  A gargoyle (D:12)
  3 torpor snails
  11 cane toads
  An unseen horror (D:13)
  9 komodo dragons
  An ice devil (Depths:4)
  A minotaur zombie (Gauntlet)
  5 rime drakes
  A freezing wraith (D:14)
  4 kobold demonologists
  An efreet (D:14)
  A tormentor (Depths:4)
  2 tengu conjurers
  3 yaktaurs (Vaults:3)
  A golden dragon simulacrum (Depths:1)
  16 tarantellas
  12 hornets
  9 trolls
  2 hellwings (Depths:4)
  6 polar bears
  2 tyrant leeches (D:15)
  15 blink frogs
  5 dream sheep (Lair:4)
  4 meliai (D:14)
  A wolf spider simulacrum (D:14)
  15 jumping spiders
  28 slime creatures
  13 culicivoras
  3 spriggans
  4 water elementals (Depths:1)
  5 hogs
  2 shadows
  2 wraiths (D:11)
  An air elemental (Elf:2)
  47 yaks
  4 wyverns
  5 basilisks
  21 redbacks
  3 fire elementals
  A spectral fire crab (Lair:2)
  14 vampire mosquitoes
  8 wargs
  A harpy simulacrum (IceCv)
  2 acid dragons
  9 swamp worms
  A spectral cane toad (Lair:2)
  11 water moccasins
  38 orc warriors
  2 swamp drakes (Swamp:1)
  2 ice beasts
  A black bear (Lair:2)
  14 wolves (Lair:1)
  8 centaurs
  6 ogres
  2 boggarts
  An ettin simulacrum (IceCv)
  7 kobold brigands
  A gnoll sergeant (D:5)
  15 bullfrogs
  2 scorpions
  2 earth elementals
  2 spectral water moccasins (Lair:2)
  8 wights (D:8)
  8 killer bees
  3 howler monkeys (D:9)
  A vampire bat (Depths:2)
  A centaur zombie (D:6)
  A bullfrog zombie (D:6)
  12 orc priests
  3 jellies
  A sleepcap (D:6)
  22 orc wizards
  3 gnolls (Bailey)
  3 nameless horrors
  A dart slug (D:5)
  52 orcs
  4 goblins
  2 hobgoblins
  30 kobolds
  A foxfire (D:6)
895 creatures vanquished.

Vanquished Creatures (others)
  A thorn hunter (Swamp:2)
  A bloated husk (Swamp:1)
  A goblin (D:8)
  147 foxfires
150 creatures vanquished.

Grand Total: 2386 creatures vanquished

Notes
Turn   | Place    | Note
-------+----------+-------------------------------------------
     0 | D:1      | ragingrage the Djinni Ice Elementalist began the quest for
                  | the Orb.
     0 | D:1      | ragingrage set off with the following spells memorised:
                  | Freeze, Frozen Ramparts, Ozocubu's Armour, Summon Ice
                  | Beast.
     0 | D:1      | Reached XP level 1. HP: 15/15 MP: 0/0
   149 | D:1      | Reached XP level 2. HP: 16/21 MP: 0/0
   185 | D:1      | Found Hoohye's Armour Emporium.
   334 | D:1      | Reached skill level 1 in Fighting
   410 | D:1      | Reached XP level 3. HP: 26/27 MP: 0/0
   410 | D:1      | Learned a level 1 spell: Foxfire
   773 | D:2      | Reached skill level 4 in Necromancy
   773 | D:2      | Reached XP level 4. HP: 25/32 MP: 0/0
  1403 | D:2      | Identified the +3 leather armour of the Arena {Rampage
                  | rElec Stlth+}
  1423 | D:2      | Reached XP level 5. HP: 18/37 MP: 0/0
  1423 | D:2      | Learned a level 2 spell: Static Discharge
  1801 | D:3      | Reached skill level 5 in Spellcasting
  1801 | D:3      | Reached skill level 5 in Conjurations
  1801 | D:3      | Reached skill level 5 in Hexes
  1801 | D:3      | Reached skill level 5 in Summonings
  1801 | D:3      | Reached skill level 5 in Necromancy
  1801 | D:3      | Reached skill level 5 in Translocations
  1801 | D:3      | Reached skill level 5 in Transmutations
  1801 | D:3      | Reached skill level 5 in Fire Magic
  1801 | D:3      | Reached skill level 5 in Ice Magic
  1801 | D:3      | Reached skill level 5 in Air Magic
  1801 | D:3      | Reached skill level 5 in Earth Magic
  1801 | D:3      | Reached skill level 5 in Poison Magic
  1807 | D:3      | Reached XP level 6. HP: 28/42 MP: 0/0
  2144 | D:3      | Found a faded altar of an unknown god.
  2161 | D:3      | Found the +5 robe of Misfortune {Harm *Corrode *Slow EV+5}
  3072 | D:4      | Noticed Edmund
  3159 | D:4      | Noticed Sigmund
  3166 | D:4      | Killed Sigmund
  3167 | D:4      | Reached skill level 1 in Shields
  3167 | D:4      | Reached XP level 7. HP: 40/49 MP: 0/0
  3167 | D:4      | Learned a level 3 spell: Call Canine Familiar
  3263 | D:4      | Found a shadowy altar of Dithmenos.
  3321 | D:4      | Found a glowing silver altar of Zin.
  3459 | D:5      | Entered Level 5 of the Dungeon
  3907 | D:5      | Reached XP level 8. HP: 31/56 MP: 0/0
  4367 | D:5      | Found a glowing golden altar of the Shining One.
  4383 | D:5      | Found a staircase to the Ecumenical Temple.
  4392 | Temple   | Entered the Ecumenical Temple
  4402 | Temple   | Became a worshipper of Gozag Ym Sagoz the Greedy
  4480 | D:6      | Reached skill level 6 in Necromancy
  4534 | D:6      | Found a broken altar of Ashenzari.
  4564 | D:6      | Noticed Menkaure
  4570 | D:6      | Killed Menkaure
  4699 | D:6      | Reached skill level 7 in Necromancy
  4699 | D:6      | Reached XP level 9. HP: 57/60 MP: 0/0
  4699 | D:6      | Learned a level 3 spell: Swiftness
  4921 | D:6      | Found a basalt altar of Yredelemnul.
  5385 | D:7      | Reached skill level 1 in Armour
  6137 | D:8      | Reached skill level 1 in Evocations
  6137 | D:8      | Reached XP level 10. HP: 48/67 MP: 0/0
  6164 | D:8      | Found a flagged portal.
  6179 | D:8      | Reached skill level 5 in Dodging
  6198 | D:8      | Reached skill level 5 in Shields
  6260 | Bailey   | Entered a bailey
  6265 | Bailey   | Noticed an orc warlord
  6349 | Bailey   | Reached skill level 8 in Necromancy
  6444 | Bailey   | Found a runed translucent gate.
  6447 | Bailey   | Found a runed translucent gate.
  6448 | Bailey   | Found a runed translucent gate.
  7005 | Bailey   | Killed an orc warlord
  7006 | Bailey   | Reached skill level 5 in Fighting
  7254 | Bailey   | Identified the +9 mace "Ogrebane" {venom, *Slow Dex+4}
  7256 | Bailey   | Reached skill level 10 in Spellcasting
  7256 | Bailey   | Reached skill level 10 in Conjurations
  7256 | Bailey   | Reached skill level 10 in Hexes
  7256 | Bailey   | Reached skill level 10 in Summonings
  7256 | Bailey   | Reached skill level 10 in Necromancy
  7256 | Bailey   | Reached skill level 10 in Translocations
  7256 | Bailey   | Reached skill level 10 in Transmutations
  7256 | Bailey   | Reached skill level 10 in Fire Magic
  7256 | Bailey   | Reached skill level 10 in Ice Magic
  7256 | Bailey   | Reached skill level 10 in Air Magic
  7256 | Bailey   | Reached skill level 10 in Earth Magic
  7256 | Bailey   | Reached skill level 10 in Poison Magic
  7256 | Bailey   | Reached XP level 11. HP: 81/81 MP: 0/0
  7256 | Bailey   | Learned a level 5 spell: Summon Mana Viper
  7947 | D:9      | Found a staircase to the Lair.
  8275 | D:9      | Reached skill level 5 in Armour
  8489 | D:10     | Entered Level 10 of the Dungeon
  8542 | D:10     | Noticed Snorg
  8555 | D:10     | Killed Snorg
  8556 | D:10     | Reached XP level 12. HP: 86/88 MP: 0/0
  8632 | D:10     | Found Mopau's Armour Emporium.
  8632 | D:10     | Noticed an animated crystal plate armour
  8639 | D:10     | Noticed an animated shadow dragon scales
  8676 | D:10     | Noticed a two-headed ogre
  8683 | D:10     | Killed a two-headed ogre
  9066 | Lair:1   | Entered Level 1 of the Lair of Beasts
  9377 | Lair:1   | Noticed Erica
  9385 | Lair:1   | Reached skill level 11 in Necromancy
  9394 | Lair:1   | Killed Erica
  9395 | Lair:1   | Reached skill level 10 in Fighting
  9794 | Lair:1   | Reached XP level 13. HP: 88/96 MP: 0/0
  9794 | Lair:1   | Learned a level 5 spell: Agony
 10078 | Lair:2   | Found a hole to the Spider Nest.
 10104 | Lair:2   | Reached skill level 5 in Evocations
 11040 | Lair:3   | Noticed Kirke
 11063 | Lair:3   | Killed Kirke
 11181 | Lair:3   | Noticed a seven-headed hydra
 11202 | Lair:3   | Killed a seven-headed hydra
 11536 | Lair:3   | Reached skill level 10 in Dodging
 11921 | Lair:3   | Found a shimmering altar of Xom.
 12232 | Lair:4   | Found a staircase to the Slime Pits.
 12270 | Lair:4   | Found a viscous altar of Jiyva.
 12323 | Lair:4   | Reached XP level 14. HP: 100/106 MP: 0/0
 12455 | Lair:4   | Found a glowing golden altar of the Shining One.
 12650 | Lair:4   | Reached skill level 12 in Necromancy
 12681 | Lair:4   | Noticed a dire elephant
 12705 | Lair:4   | Killed a dire elephant
 13126 | Lair:4   | Reached skill level 13 in Necromancy
 13436 | Lair:5   | Entered Level 5 of the Lair of Beasts
 13876 | Lair:5   | Reached XP level 15. HP: 107/112 MP: 0/0
 13876 | Lair:5   | Learned a level 6 spell: Summon Cactus Giant
 13923 | Lair:5   | Identified the +11 plate armour of the Slightly Bent {rN+
                  | Int+5}
 14071 | Lair:5   | Reached skill level 14 in Necromancy
 14223 | Lair:5   | Identified the +5 trident "Wikkaloz" {speed, Will+}
 14832 | D:11     | Found a portal to a secret trove of treasure.
 15389 | D:11     | Found a staircase to the Orcish Mines.
 17432 | D:13     | Found a gate leading to a gauntlet.
 17440 | Gauntlet | Entered a Gauntlet
 17440 | Gauntlet | Found a transporter.
 17449 | Gauntlet | Found a transporter.
 17470 | Gauntlet | Found a transporter.
 17491 | Gauntlet | Found a transporter.
 17504 | Gauntlet | Found a transporter.
 17518 | Gauntlet | Found a transporter.
 17547 | Gauntlet | Found a transporter.
 17547 | Gauntlet | Found a transporter.
 17549 | Gauntlet | Noticed a cacodemon
 17552 | Gauntlet | Found a transporter.
 17575 | Gauntlet | Found a transporter.
 17579 | Gauntlet | Found a transporter.
 17588 | Gauntlet | Noticed a balrug
 17612 | Gauntlet | Found a transporter.
 17808 | Gauntlet | Killed a balrug
 17838 | Gauntlet | Identified the +1 lajatang "Evuwipri" {flame, rPois rF-
                  | SInv}
 17838 | Gauntlet | Identified the +0 ice dragon scales of Lust {rF- rC++ rN+}
 17882 | Gauntlet | Identified the +1 robe "Uxetzot" {rN++}
 18423 | D:14     | Reached skill level 15 in Spellcasting
 18423 | D:14     | Reached skill level 15 in Conjurations
 18423 | D:14     | Reached skill level 15 in Hexes
 18423 | D:14     | Reached skill level 15 in Summonings
 18423 | D:14     | Reached skill level 15 in Necromancy
 18423 | D:14     | Reached skill level 15 in Translocations
 18423 | D:14     | Reached skill level 15 in Transmutations
 18423 | D:14     | Reached skill level 15 in Fire Magic
 18423 | D:14     | Reached skill level 15 in Ice Magic
 18423 | D:14     | Reached skill level 15 in Air Magic
 18423 | D:14     | Reached skill level 15 in Earth Magic
 18423 | D:14     | Reached skill level 15 in Poison Magic
 18533 | D:14     | Reached XP level 16. HP: 99/121 MP: 0/0
 18670 | D:14     | Found a gate to the Vaults.
 19059 | D:14     | Identified the +2 war axe of Xielas {antimagic, rF+}
 19232 | D:14     | Noticed Louise
 19244 | D:14     | Killed Louise
 19684 | D:14     | Found a gate to the Vaults.
 20396 | Orc:1    | Entered Level 1 of the Orcish Mines
 20452 | Orc:1    | Noticed Nergalle
 20461 | Orc:1    | Killed Nergalle
 20697 | Orc:2    | Entered Level 2 of the Orcish Mines
 20915 | Orc:1    | Noticed Erolcha
 20920 | Orc:1    | Killed Erolcha
 21449 | Orc:2    | Found a staircase to the Elven Halls.
 21494 | Orc:2    | Noticed Saint Roka
 21886 | Orc:2    | Killed Saint Roka
 22000 | Orc:2    | Found Xiomeo's Antique Armour Shoppe.
 22007 | Orc:2    | Bought a pitted cloak for 266 gold pieces
 22007 | Orc:2    | Identified the +2 cloak "Diycsefo" {rC- rN+ MP-9 Dex+4}
                  | (You bought it in a shop on level 2 of the Orcish Mines)
 22028 | Orc:2    | Bought the +2 shield of Resistance {rF++ rC++ Will++} for
                  | 1974 gold pieces
 22028 | Orc:2    | Found the +2 shield of Resistance {rF++ rC++ Will++}
 22058 | Orc:2    | Found Kucwe's Jewellery Shoppe.
 22082 | Orc:2    | Found Eruetegh's General Store.
 22127 | Orc:2    | Found Ukim's Antique Weapon Shoppe.
 22463 | Orc:2    | Bought a +4 ring of protection for 504 gold pieces
 22670 | D:15     | Entered Level 15 of the Dungeon
 22705 | D:15     | Noticed Rupert
 22728 | D:15     | Killed Rupert
 22834 | D:15     | Found Diogelim's General Store.
 22842 | D:15     | Bought a potion of enlightenment for 75 gold pieces
 22849 | D:15     | Noticed Jorgrun
 22875 | D:15     | Killed Jorgrun
 23092 | D:15     | Found a staircase to the Depths.
 23362 | D:15     | Identified the staff "Xyaroome" {Str+2 Int+3 Earth}
 23687 | Lair:2   | Found a staircase to the Swamp.
 23703 | Swamp:1  | Entered Level 1 of the Swamp
 23799 | Swamp:1  | Reached XP level 17. HP: 103/129 MP: 0/0
 23799 | Swamp:1  | Learned a level 6 spell: Plasma Beam
 24187 | Swamp:1  | Identified the +4 helmet of Impatience {rPois Str-5 Int-4
                  | Stlth+}
 24495 | Swamp:2  | Noticed a thorn hunter
 24538 | Swamp:2  | Noticed a thorn hunter
 24666 | Swamp:2  | Killed a thorn hunter
 24808 | Swamp:2  | Killed a thorn hunter
 25196 | Swamp:2  | Identified a scroll of acquirement
 25302 | Swamp:2  | Acquired a +5 demon trident of flaming
 25471 | D:11     | You paid a toll of a +5 demon trident to enter a treasure
                  | trove
 25472 | Trove    | Entered a treasure trove
 25497 | Trove    | Identified the +0 pair of gloves of the Original Sin {SInv}
 25504 | Trove    | Identified the +2 eveningstar "Haaqag" {heavy, rN+ Will+
                  | Int+5}
 25793 | Swamp:2  | Reached skill level 16 in Necromancy
 26474 | Swamp:3  | Identified the +8 spear "Quanomi" {spect, rF++ Str-4 Int-2
                  | Stlth+}
 26580 | Swamp:4  | Entered Level 4 of the Swamp
 26588 | Swamp:3  | Reached skill level 10 in Shields
 27009 | Swamp:4  | Noticed a thorn hunter
 27012 | Swamp:4  | Killed a thorn hunter
 27165 | Swamp:4  | Reached XP level 18. HP: 115/135 MP: 0/0
 27962 | Swamp:4  | Got a decaying rune of Zot
 28540 | Spider:1 | Entered Level 1 of the Spider Nest
 29087 | Spider:1 | Found a frozen archway.
 29103 | IceCv    | Entered an ice cave
 29201 | IceCv    | Found a transporter.
 29210 | IceCv    | Found the crystal ball of Wucad Mu {*channel}
 29216 | IceCv    | Found a transporter.
 29671 | Spider:2 | Noticed Arachne
 29676 | Spider:2 | Killed Arachne
 30090 | Spider:2 | Noticed Asterion
 30092 | Spider:2 | Killed Asterion
 30813 | Spider:2 | Reached XP level 19. HP: 121/141 MP: 0/0
 30813 | Spider:2 | Learned a level 7 spell: Summon Hydra
 31228 | Spider:2 | Noticed Frances
 31960 | Spider:2 | Killed Frances
 32853 | Spider:4 | Entered Level 4 of the Spider Nest
 33495 | Spider:4 | Identified the ring of the Hippo {rPois rC+ SInv}
 33570 | Spider:4 | Reached skill level 15 in Fighting
 33570 | Spider:4 | Reached skill level 15 in Shields
 33608 | Spider:4 | Identified the +9 trident of Kidghour {freeze, *Rage Drain
                  | rPois Str+7}
 34449 | Spider:4 | Reached skill level 10 in Evocations
 34453 | Spider:4 | Got a gossamer rune of Zot
 34728 | Elf:1    | Entered Level 1 of the Elven Halls
 34974 | Elf:1    | Found Seuhiffupi's General Store.
 34980 | Elf:1    | Bought a scroll of identify for 26 gold pieces
 34980 | Elf:1    | Bought a scroll of identify for 26 gold pieces
 35002 | Elf:1    | Reached skill level 17 in Necromancy
 35289 | Elf:1    | Reached XP level 20. HP: 122/149 MP: 0/0
 36453 | Elf:2    | Paralysed by an air elemental for 1 turns
 37109 | Elf:2    | Identified the +10 plate armour of Dithmenos's Esteem {rN+
                  | Str+3 Int-5}
 37280 | Elf:2    | Found a runed translucent gate.
 37281 | Elf:2    | Found a runed translucent gate.
 37281 | Elf:2    | Found a runed translucent gate.
 37569 | Elf:3    | Entered Level 3 of the Elven Halls
 39801 | Elf:3    | Reached skill level 18 in Necromancy
 39801 | Elf:3    | Reached XP level 21. HP: 121/155 MP: 0/0
 39801 | Elf:3    | Learned a level 7 spell: Enfeeble
 39916 | Elf:3    | Identified the ring of Geblio {Fire Will- rCorr Str+4}
 40060 | Elf:3    | Identified the +6 whip "Weadghau" {protect, *Noise rPois
                  | rC+ Dex+2}
 40069 | Elf:3    | Identified the ring of Jealousy {rPois rN+ SInv Stlth+}
 40317 | Elf:3    | Found the +5 Storm Queen's Shield {shock, Fly rElec}
 40334 | Elf:3    | Identified the +0 cloak "Rudwew" {Int+2}
 40760 | Vaults:1 | Entered Level 1 of the Vaults
 41374 | Vaults:1 | Reached skill level 19 in Necromancy
 41476 | Vaults:1 | Found Empafo's General Store.
 41476 | Vaults:1 | Found Bomigife's Magic Scroll Boutique.
 41618 | Vaults:1 | Bought a scroll of blinking for 127 gold pieces
 41635 | Vaults:1 | Found Widihokixu's Antique Armour Boutique.
 41641 | Vaults:1 | Bought a masterwork troll leather armour for 780 gold
                  | pieces
 41641 | Vaults:1 | Identified the +0 troll leather armour of the Tundras
                  | {Regen+ Str+2} (You bought it in a shop on level 1 of the
                  | Vaults)
 42732 | Vaults:2 | Found a staircase to the Crypt.
 42753 | Vaults:2 | Noticed an ancient lich
 42780 | Vaults:2 | Killed an ancient lich
 42781 | Vaults:2 | Reached skill level 20 in Necromancy
 42829 | Vaults:2 | Identified the +8 halberd of Inference {venom, rF+ rCorr
                  | Str+2 Stlth-}
 42964 | Vaults:3 | Reached XP level 22. HP: 51/162 MP: 0/0
 43061 | Vaults:3 | Found Yhyut Heorel's Armour Emporium.
 43165 | Vaults:3 | Noticed Xtahua
 43173 | Vaults:3 | Killed Xtahua
 43591 | Vaults:3 | Found a magical portal.
 43598 | WizLab   | Entered Wucad Mu's Monastery
 45425 | Vaults:2 | Found Nize's Weapon Shop.
 45709 | Vaults:2 | Reached skill level 21 in Necromancy
 45983 | Vaults:4 | Reached skill level 15 in Dodging
 46335 | Vaults:4 | Identified the staff of the Thirteen Suns {rC+ Will+ rCorr
                  | Int-5 Stlth+ Ice}
 47379 | Depths:1 | Entered Level 1 of the Depths
 47383 | Depths:1 | Noticed Margery
 47388 | Depths:1 | Killed Margery
 47389 | Depths:1 | Reached XP level 23. HP: 45/171 MP: 0/0
 47389 | Depths:1 | Learned a level 8 spell: Lehudib's Crystal Spear
 48088 | Depths:1 | Found a runed translucent door.
 48088 | Depths:1 | Noticed xzight's ghost (legendary MiBe)
 48197 | Depths:1 | Found a one-way gate to the infinite horrors of the Abyss.
 48198 | Depths:1 | Found Coxtunt's Antique Weapon Boutique.
 48201 | Depths:1 | Found Kirim's Armour Shoppe.
 48351 | Depths:1 | Found Cygib's General Store.
 48357 | Depths:1 | Bought a wand of roots (4) for 96 gold pieces
 48388 | Depths:1 | Bought a +1 pair of gloves of strength for 363 gold pieces
 48564 | Depths:1 | Found Biusolosm's Blood Bar.
 48575 | Depths:1 | Found a gateway to Hell.
 49359 | Depths:2 | Found a runed translucent gate.
 49360 | Depths:2 | Found a runed translucent gate.
 49360 | Depths:2 | Found a runed translucent gate.
 49531 | Depths:2 | Noticed frimble's ghost (adept DsGl)
 49667 | Depths:2 | Identified the +1 leather armour of Fasoac {MP+9 Int+3
                  | Stlth-}
 50089 | Depths:2 | Found a one-way gate leading to the halls of Pandemonium.
 50567 | Depths:3 | Found a one-way gateway to a ziggurat.
 50583 | Depths:3 | Noticed a golden dragon
 50589 | Depths:3 | Killed a golden dragon
 50590 | Depths:3 | Reached skill level 22 in Necromancy
 50753 | Depths:4 | Entered Level 4 of the Depths
 50912 | Depths:4 | Identified the ring "Duvvouno" {Ice Str+5}
 50912 | Depths:4 | Noticed Josephina
 50922 | Depths:3 | Killed Josephina
 51230 | Depths:4 | Noticed a juggernaut
 51295 | Depths:3 | Reached XP level 24. HP: 98/181 MP: 0/0
 51300 | Depths:3 | Killed a juggernaut
 52029 | Depths:3 | Acquired the ring "Ycaoliyn" {rC+ rN+ Str+3}
 52223 | Depths:3 | Reached skill level 23 in Necromancy
 52598 | Depths:3 | Noticed a caustic shrike
 52604 | Depths:3 | Killed a caustic shrike
 52702 | Depths:3 | Noticed a caustic shrike
 52702 | Depths:3 | Noticed a caustic shrike
 52702 | Depths:3 | Noticed a caustic shrike
 52702 | Depths:3 | Noticed a caustic shrike
 52966 | Depths:3 | Killed a caustic shrike
 53018 | Depths:2 | Killed a caustic shrike
 53057 | Depths:2 | Killed a caustic shrike
 53126 | Depths:3 | Killed a caustic shrike
 53381 | Depths:3 | Noticed a golden dragon
 53384 | Depths:3 | Killed a golden dragon
 53401 | Depths:3 | Noticed a juggernaut
 53403 | Depths:3 | Killed a juggernaut
 53587 | Depths:3 | Reached skill level 24 in Necromancy
 53980 | Depths:4 | Noticed a golden dragon
 53984 | Depths:4 | Killed a golden dragon
 54242 | Depths:4 | Found a gate to the Realm of Zot.
 54932 | Vaults:4 | Upgraded the game from 0.31-a0-845-g9abc20d24f to
                  | 0.31-a0-848-gaac375c287
 55209 | Slime:1  | Entered Level 1 of the Pits of Slime
 55223 | Slime:1  | Reached XP level 25. HP: 170/189 MP: 0/0
 55223 | Slime:1  | Learned a level 8 spell: Borgnjor's Revivification
 55897 | Slime:2  | Noticed Dissolution
 55902 | Slime:2  | Killed Dissolution
 56017 | Slime:2  | Gained mutation: You are clumsy. (Dex -2) [a shining eye]
 56029 | Slime:2  | Gained mutation: You are very clumsy. (Dex -4) [a shining
                  | eye]
 56390 | Slime:3  | Reached skill level 25 in Necromancy
 56526 | Slime:3  | HP: 3/190 [rockslime (39)]
 57339 | Slime:3  | Found a viscous altar of Jiyva.
 57907 | Slime:5  | Entered Level 5 of the Pits of Slime
 58182 | Slime:5  | Noticed the Royal Jelly
 58191 | Slime:5  | Killed the Royal Jelly
 58227 | Slime:5  | Reached skill level 26 in Necromancy
 59065 | Slime:5  | Identified the staff of Moderation {Fly Will+ Str+2 Earth}
 59068 | Slime:5  | Identified the ring "Zatsism" {rC+ rN+ rCorr Int-3}
 59081 | Slime:5  | Found the +6 Majin-Bo {spellvamp, MP+6 Int+6}
 59083 | Slime:5  | Got a slimy rune of Zot
 59084 | Slime:5  | Identified the +1 halberd of the Hungering Seeker {drain,
                  | Fragile +Blink rElec Dex+3}
 59087 | Slime:5  | Identified the +1 quarterstaff of a ziggurat {venom, rF-
                  | Int+4 Dex+3 SInv}
 59097 | Slime:5  | Identified the +5 great sword "Rito Recou" {freeze, Dex+3}
 59114 | Slime:5  | Identified the staff "Zeegim" {rPois rF+ rN+ Str+2 Poison}
 60107 | Zot:1    | Entered Level 1 of the Realm of Zot
 60155 | Zot:1    | Noticed an orb of fire
 60244 | Zot:1    | Killed an orb of fire
 60245 | Zot:1    | Reached XP level 26. HP: 127/197 MP: 0/0
 64485 | Zot:3    | Noticed a curse toe
 64570 | Zot:2    | Killed a curse toe
 64717 | Zot:4    | Reached XP level 27. HP: 210/210 MP: 0/0
 64717 | Zot:4    | Learned a level 9 spell: Chain Lightning
 65372 | Zot:4    | Reached skill level 27 in Necromancy
 65677 | Zot:5    | Entered Level 5 of the Realm of Zot
 65677 | Zot:5    | Noticed an orb of fire
 65682 | Zot:5    | Killed an orb of fire
 66558 | Zig:1    | Entered Level 1 of a ziggurat
 66605 | Zig:2    | Entered Level 2 of a ziggurat
 66619 | Zig:2    | Identified the staff "Zafyps" {rElec Stlth+ Air}
 66625 | Zig:3    | Entered Level 3 of a ziggurat
 66693 | Zig:4    | Entered Level 4 of a ziggurat
 66702 | Zig:4    | Gained mutation: You are frail. (-10% HP) [mutagenic glow]
 66716 | Zig:4    | Lost mutation: You are frail. (-10% HP) [potion of
                  | mutation]
 66716 | Zig:4    | Lost mutation: You are very clumsy. (Dex -4) [potion of
                  | mutation]
 66716 | Zig:4    | Lost mutation: You are clumsy. (Dex -2) [potion of
                  | mutation]
 66716 | Zig:4    | Gained mutation: You possess an exceptional clarity of
                  | mind. [potion of mutation]
 66716 | Zig:4    | Gained mutation: You have supernaturally acute eyesight.
                  | (SInv) [potion of mutation]
 66716 | Zig:4    | Gained mutation: You are partially covered in large bone
                  | plates. (SH +4) [potion of mutation]
 66745 | Zig:5    | Entered Level 5 of a ziggurat
 66749 | Zig:5    | HP: 8/210 [arc of chain lightning (4)]
 66919 | Zig:5    | Identified the +1 leather armour of Uskayaw's Reproof
                  | {Harm}
 66928 | Zig:6    | Entered Level 6 of a ziggurat
 66930 | Zig:6    | Noticed a Killer Klown
 66931 | Zig:6    | Noticed a Killer Klown
 66931 | Zig:6    | Noticed Paitinuw the pandemonium lord
 66933 | Zig:6    | Killed a Killer Klown
 66934 | Zig:6    | Killed a Killer Klown
 66935 | Zig:6    | Killed Paitinuw the pandemonium lord
 67015 | Zig:7    | Entered Level 7 of a ziggurat
 67053 | Zig:7    | Identified the +4 quarterstaff of Change {elec, Fly rF-
                  | rN+++ Int-4}
 67061 | Zig:7    | Identified the +6 trident "Kyplec" {vamp, rF+ rC+ Will+}
 67097 | Zig:8    | Entered Level 8 of a ziggurat
 67218 | Zig:9    | Entered Level 9 of a ziggurat
 67252 | Zig:9    | Identified the +6 shortbow "Elazec" {antimagic, Fragile
                  | rPois Str-2 Dex+6}
 67261 | Zig:9    | Identified the +4 morningstar of the Building Scavenger
                  | {spect, rElec rC+}
 67300 | Zig:10   | Entered Level 10 of a ziggurat
 67381 | Zig:10   | Identified the +6 longbow of Ekkeirch {flame, rF+ Int+4
                  | Stlth+}
 67383 | Zig:10   | Identified the amulet of Ashenzari's Fury {Faith rElec}
 67390 | Zig:10   | Identified the ring "Osocar" {rElec rC+ rCorr Int-4}
 67431 | Zig:11   | Entered Level 11 of a ziggurat
 67436 | Zig:11   | Noticed an orb of fire
 67437 | Zig:11   | Gained mutation: You are weak. (Str -2) [an orb of fire]
 67438 | Zig:11   | Noticed an orb of fire
 67440 | Zig:11   | Killed an orb of fire
 67442 | Zig:11   | Noticed an orb of fire
 67442 | Zig:11   | Killed an orb of fire
 67446 | Zig:11   | Killed an orb of fire
 67501 | Zig:11   | Identified the +8 whip of Ghostly Prudence {heavy, rN+}
 67553 | Zig:12   | Entered Level 12 of a ziggurat
 67566 | Zig:12   | Found the +3 greatsling "Punk" {acid, rCorr}
 67621 | Zig:12   | Identified the +1 leather armour of Laozy {rElec}
 68087 | Zot:5    | Noticed a Killer Klown
 68093 | Zot:5    | Noticed a Killer Klown
 68096 | Zot:5    | Noticed an orb of fire
 68099 | Zot:5    | Killed a Killer Klown
 68100 | Zot:5    | Noticed an orb of fire
 68268 | Zot:5    | Killed an orb of fire
 68336 | Zot:5    | Noticed an orb of fire
 68345 | Zot:5    | Killed an orb of fire
 68378 | Zot:5    | Noticed an ancient lich
 68383 | Zot:5    | Killed an ancient lich
 68392 | Zot:5    | Killed a Killer Klown
 68490 | Zot:5    | Noticed an orb of fire
 68495 | Zot:5    | Killed an orb of fire
 68728 | Zot:5    | Noticed a dread lich
 68731 | Zot:5    | Killed a dread lich
 68780 | Zot:5    | Noticed a dread lich
 68787 | Zot:5    | Killed a dread lich
 69197 | Zot:5    | Noticed a Killer Klown
 69200 | Zot:5    | Killed a Killer Klown
 69348 | Zot:5    | Noticed a dread lich
 69352 | Zot:5    | Killed a dread lich
 69465 | Zot:5    | Killed an orb of fire
 69817 | Zot:5    | Found a runed translucent gate.
 69817 | Zot:5    | Found a runed translucent gate.
 69817 | Zot:5    | Found an opulent altar of Gozag.
 69818 | Zot:5    | Found a runed translucent gate.
 69818 | Zot:5    | Found Yraet's Assorted Antiques.
 69818 | Zot:5    | Noticed Nykiehar's ghost (legendary GnIE)
 69876 | Zot:5    | Got the Orb of Zot
 69943 | Zot:2    | Noticed Coaros the pandemonium lord
 69949 | Zot:2    | Killed Coaros the pandemonium lord
 70486 | D:5      | Noticed Wusmizun the pandemonium lord
 70492 | D:5      | Killed Wusmizun the pandemonium lord
 70598 | D:$      | Escaped with the Orb!

Illustrated notes

Levels and vault maps discovered:
D:1:      ncdulo_halloftheorcs, layout_rooms, serial_shops, shop,
          minmay_pentomino_u4
D:2:      layout_loops_cross
D:3:      layout_loops_corners, nicolae_ecumenical_oubliette,
          serial_bayou_pond_a, minmay_misc_feat_room, grunt_ministairs_7,
          supply_closet_lemuel, minmay_misc_feat_rows, solitary_fountain,
          kennysheep_generic_room_16
D:4:      layout_cave_pods, zin_academy, kennysheep_mini_moat, nzn_random_ring,
          uniq_sigmund, uniq_edmund
D:5:      layout_cave_pools, gammafunk_temple_overflow_wave, temple_hall,
          serial_glass, glass_columns_a, glass_columns_a
D:6:      wander_river, layout_rooms, lemuel_zombie_altar_yredelemnul,
          mainiacjoe_overflow_chevrons, hex_large, columned_hall_lemuel,
          uniq_menkaure
D:7:      layout_basic
D:8:      layout_loops_cross, enter_bailey_5, st_stairs_11,
          nicolae_underground_beach
D:9:      layout_loops_ring, lair_entry_dummy
D:10:     minmay_cornered_nines, layout_rooms, serial_shops,
          nicolae_shop_mannequins, uniq_snorg
D:11:     layout_basic, erik_orc_3, nicolae_trove_entry_isolated
D:12:     layout_basic, serial_aquarium, aquarium_bridge_square
          [aquarium_subvault_window, aquarium_subvault_balcony,
          aquarium_subvault_bridge, aquarium_subvault_bridge],
          aquarium_bridge_island_small [aquarium_subvault_small_open,
          aquarium_subvault_wall, aquarium_subvault_bridge,
          aquarium_subvault_wall, aquarium_subvault_bridge], aquarium_window_1,
          aquarium_window_fake, aquarium_view_2d, aquarium_view_2d,
          aquarium_pool_2
D:13:     layout_loops_cross, serial_rivers, chequers_serial_rivers_room_a,
          chequers_serial_rivers_micro_d, chequers_serial_rivers_micro_a,
          chequers_serial_rivers_small_b, gauntlet_entry_generic
D:14:     minmay_bloctagon_deflated, layout_basic,
          hellmonk_vaults_attempted_burglary, minivault_25, uniq_louise
D:15:     grunt_enter_depths_giant_problem, layout_cross, serial_shops, shop,
          hangedman_decor_growths, worms_lemuel, uniq_rupert, uniq_jorgrun
Temple:   nicolae_temple_x_marks_the_god
Lair:1:   layout_regular_city, grunt_forest_stairs_basic, uniq_erica
Lair:2:   layout_chaotic_city, nicolae_swamp_entry_spooky,
          spider_nest_entry_web_field, st_stairs_10
Lair:3:   layout_concentric_octagons, basic_altar, infiniplex_staircase_pool_2,
          uniq_kirke
Lair:4:   mu_elephants_graveyard, layout_big_grid, minmay_slime_entry_pillars,
          basic_altar, infiniplex_staircase_pool
Lair:5:   gammafunk_lair_ancient_temple, layout_gridlike, grunt_megastairs_4
Swamp:1:  layout_basic_swamp, nicolae_swamp_fairy_circle
Swamp:2:  layout_basic_swamp, evilmike_swamp_ruin_house_4
Swamp:3:  layout_basic_swamp, evilmike_swamp_ruin_house_5, swamp_pool4
Swamp:4:  swamp_vile, layout_basic_swamp, nicolae_swamp_snake_nest
Spider:1: layout_spider_delve, portal_ice_cave_entry_ice_statue_one
Spider:2: layout_chambers, nicolae_spider_twisty_arc_passages, uniq_asterion,
          uniq_arachne, uniq_frances
Spider:3: layout_spider_delve, spiders_nest_hornet_nest
Spider:4: spider_rune_water
Slime:1:  layout_caves, cheibrodos_slime_lost_civilization_5
Slime:2:  layout_caves, dissolution_awaits
Slime:3:  layout_caves, basic_altar, nicolae_slime_round_cave
Slime:4:  layout_caves
Slime:5:  slime_pit_nicolae_royal_road_to_ruin
Orc:1:    layout_diamond_mine, uniq_nergalle, uniq_erolcha
Orc:2:    grunt_orc_cross, layout_diamond_mine, uniq_saint_roka
Elf:1:    eino_elf_arrival_shootout, layout_loops_corners, basic_altar,
          serial_shops, nicolae_square_shop, hangedman_elf_disciples,
          nicolae_elf_shapeshifter_party
Elf:2:    nicolae_elf_blades_crystal_corner, layout_onion_city
Elf:3:    minmay_elf_hall_curves, layout_geoelf_castle, dk_noncrumbling_3
Vaults:1: nicolae_vaults_sesquioval_fish, hangedman_vaults_maws,
          nicolae_vaults_doubleplus_tesselated, nicolae_vaults_layer_cake_slice,
          nicolae_vaults_network_periphery, nicolae_vaults_tetromino_L_2,
          hangedman_vaults_nails, vaults_room_grunt_arrival_ludios,
          hangedman_vaults_hard_town_square, serial_ice_m,
          vaults_dpeg_emergency_exit, layout_vaults_omnicross
Vaults:2: ontoclasm_vaults_loading_screen, nicolae_vaults_tetromino_T_2,
          nicolae_vaults_security_offices_2, nicolae_vaults_two_Ls,
          nicolae_vaults_wrenched, v_misc_29, nicolae_vaults_house_3, v_misc_15,
          v_alt_pattern_2, nicolae_vaults_double_plus_1, layout_vaults_big_room,
          serial_shops, shop
Vaults:3: mu_enter_wizlab_1, grunt_vaults_focal, nicolae_vaults_apartment_2,
          nicolae_vaults_tangram_2, nicolae_vaults_diamond_2,
          nicolae_vaults_disjoint_gnomons, nicolae_vaults_tetromino_T_2,
          nicolae_vaults_sealed_display, nicolae_vaults_diamond_1,
          hangedman_vaults_pinch, nicolae_vaults_security_offices_4,
          grunt_vaults_hallway_long, nicolae_vaults_diamond_1,
          layout_vaults_ring, serial_shops, nicolae_square_shop, uniq_xtahua
Vaults:4: nicolae_vaults_storage_room_glass, v_misc_22, vaults_room_door_ring,
          vaults_room_fours, v_pattern_2, grunt_vaults_hallway_short,
          nicolae_vaults_heist, nicolae_vaults_yaktaur_gun_rack, v_misc_25,
          nicolae_vaults_little_squares_1, ontoclasm_vaults_chip,
          layout_vaults_quadrants
Depths:1: layout_cave_pools, abyss_entry, hellmonk_ghost_big_iron,
          grunt_metal_band, minmay_misc_feat_pillars, serial_shops,
          nicolae_take_the_stairs, shop, shop, guppyfry_shop_blood
Depths:2: minmay_angry_zag, layout_honeycomb, hell_entry, abyss_entry,
          grunt_pan_entry_spiral, roderic_cross_of_infinity,
          ebering_ghost_rock_garden, hangedman_research_metamorphosis
Depths:3: grunt_runaround [grunt_runaround_doors_1, grunt_runaround_doors_2,
          grunt_runaround_doors_3, grunt_runaround_doors_4,
          grunt_runaround_loot], abyss_entry, hell_entry, uniq_margery
Depths:4: evilmike_zot_entry_argh, layout_gridville,
          roderic_lattice_octagonal_star, rand_demon_pan_entry_1, hell_entry,
          uniq_josephina
Zot:1:    layout_cathedral_of_symmetry, nicolae_rock_paper_scissors,
          grunt_megastairs_1
Zot:2:    layout_onion_interference, guppyfry_library_mini, grunt_megastairs_3
Zot:3:    layout_gridville
Zot:4:    layout_misc_corridors, hangedman_zot_decor_tridents,
          hangedman_hellfire_club
Zot:5:    layout_cellular_growth, ebering_ghost_gozag

Skill      XL: |  1  2  3  4  5  6  7  8  9 10 11 12 13 14 15 16 17 18 19 20 21 22 23 24 25 26 27 |
---------------+----------------------------------------------------------------------------------+-----
Stealth        | 2 3 |  3.0
Fighting       | 1 2 3 4 7 8 10 11 12 13 14 15 16 17 18 19 21 | 21.8
Spellcasting   | 4 5 7 10 11 13 15 16 17 18 19 20 21 23 26 | 26.3
Conjurations   | 4 5 7 10 11 13 15 16 17 18 19 20 21 23 26 | 26.3
Hexes          | 4 5 7 10 11 13 15 16 17 18 19 20 21 23 26 | 26.3
Summonings     | 4 5 7 10 11 13 15 16 17 18 19 20 21 23 26 | 26.3
Necromancy     | 4 5 7 10 11 13 15 16 17 18 20 21 22 24 26 27 | 27.0
Translocations | 4 5 7 10 11 13 15 16 17 18 19 20 21 23 26 | 26.3
Transmutations | 4 5 7 10 11 13 15 16 17 18 19 20 21 23 26 | 26.3
Fire Magic     | 4 5 7 10 11 13 15 16 17 18 19 20 21 23 26 | 26.3
Ice Magic      | 4 5 7 10 11 13 15 16 17 18 19 20 21 23 26 | 26.3
Air Magic      | 4 5 7 10 11 13 15 16 17 18 19 20 21 23 26 | 26.3
Earth Magic    | 4 5 7 10 11 13 15 16 17 18 19 20 21 23 26 | 26.3
Poison Magic   | 4 5 7 10 11 13 15 16 17 18 19 20 21 23 26 | 26.3
Dodging        | 3 4 6 8 10 11 12 13 15 16 18 | 18.0
Shields        | 1 3 4 5 6 11 14 15 16 17 | 17.0
Armour         | 2 4 5 |  5.0
Evocations     | 1 2 4 6 9 10 13 14 | 14.0

Action                     |  1- 3 |  4- 6 |  7- 9 | 10-12 | 13-15 | 16-18 | 19-21 | 22-24 | 25-27 || total
---------------------------+-------+-------+-------+-------+-------+-------+-------+-------+-------++-------
  Melee: Unarmed           |     3 |       |       |       |       |       |       |       |       ||     3
         Short sword       |     2 |       |       |       |       |       |       |       |       ||     2
         Staff             |     9 |    14 |    11 |    12 |    22 |    19 |    12 |    14 |     7 ||   120
         Dagger            |       |       |       |     6 |       |       |       |       |       ||     6
         Bo                |       |       |       |       |       |       |       |       |    15 ||    15
  Throw: Dart              |       |       |       |    15 |       |       |       |       |       ||    15
   Cast: Freeze            |    45 |    34 |    15 |       |     5 |       |       |       |       ||    99
         Frozen Ramparts   |     1 |    10 |    10 |     3 |     2 |     1 |       |       |       ||    27
         Ozocubu's Armour  |       |     6 |    11 |     4 |     9 |     2 |       |       |       ||    32
         Foxfire           |       |     7 |    43 |    16 |    12 |       |       |       |       ||    78
         Summon Ice Beast  |       |     1 |    20 |    77 |    74 |     3 |     1 |       |       ||   176
         Call Canine Famil |       |       |    19 |    48 |   119 |    89 |     1 |       |       ||   276
         Static Discharge  |       |       |     2 |       |       |       |       |       |       ||     2
         Summon Mana Viper |       |       |       |    43 |   127 |    94 |    21 |    29 |     7 ||   321
         Agony             |       |       |       |       |    30 |     2 |       |       |       ||    32
         Summon Cactus Gia |       |       |       |       |    51 |   100 |    42 |    38 |    16 ||   247
         Plasma Beam       |       |       |       |       |       |   263 |   496 |   442 |   537 ||  1738
         Summon Hydra      |       |       |       |       |       |       |    79 |   139 |    42 ||   260
         Enfeeble          |       |       |       |       |       |       |     1 |       |     3 ||     4
         Lehudib's Crystal |       |       |       |       |       |       |       |    13 |    39 ||    52
         Chain Lightning   |       |       |       |       |       |       |       |       |   161 ||   161
 Invoke: Potion Petition   |       |       |       |       |       |       |       |     1 |     1 ||     2
  Evoke: Wand              |       |       |       |       |     3 |     4 |     2 |     1 |     1 ||    11
         Box of beasts     |       |       |       |       |       |     1 |       |       |     1 ||     2
         Tin of tremorston |       |       |       |       |       |     2 |       |     1 |       ||     3
    Use: Scroll            |       |       |     7 |     7 |     6 |    11 |     8 |     5 |     2 ||    46
         Potion            |       |       |       |     1 |       |       |     1 |     1 |     7 ||    10
   Stab: Sleeping          |       |     2 |       |     1 |       |       |       |       |       ||     3
         Distracted        |       |       |       |     2 |     1 |     2 |     1 |     2 |       ||     8
         Paralysed         |       |       |       |       |       |       |     1 |       |       ||     1
 Armour: Robe              |    30 |     8 |    29 |    25 |    54 |       |       |       |       ||   146
         Leather armour    |       |    23 |       |       |    40 |   158 |   124 |   242 |   244 ||   831
  Dodge: Dodged            |    32 |    55 |    78 |    97 |   278 |   243 |   129 |   210 |   156 ||  1278
  Block: Buckler           |       |       |    17 |    21 |    73 |    22 |       |       |       ||   133
         Kite shield       |       |       |       |       |       |   187 |   142 |   260 |   136 ||   725

Table legend: (Time is in decaauts)
 A = Elapsed time spent in this place.
 B = Non-inter-level travel time spent in this place.
 C = Inter-level travel time spent in this place.
 D = Time resting spent in this place.
 E = Time spent auto-exploring this place.
 F = Levels seen in this place.
 G = Mean time per level.
                   A        B        C        D        E       F      G
               +--------+--------+--------+--------+--------+-----+--------+
         Total |  70760 |  64919 |   5841 |  14302 |  36147 |  69 | 1025.5 |
       Dungeon |  15943 |  14058 |   1885 |   1629 |   9285 |  15 | 1062.9 |
        Temple |     20 |      1 |     19 |      0 |      0 |   1 |   20.0 |
          Lair |   6226 |   5638 |    588 |    257 |   3887 |   5 | 1245.2 |
         Swamp |   4518 |   4191 |    327 |   1242 |   2101 |   4 | 1129.5 |
   Spider Nest |   5912 |   5668 |    244 |   1611 |   2863 |   4 | 1478.0 |
    Slime Pits |   4509 |   4249 |    260 |   1121 |   2148 |   5 |  901.8 |
  Orcish Mines |   2381 |   2040 |    341 |    347 |    967 |   2 | 1190.5 |
   Elven Halls |   5784 |   5515 |    269 |   1511 |   2971 |   3 | 1928.0 |
        Vaults |   6533 |   5975 |    558 |    885 |   3981 |   4 | 1633.2 |
        Depths |   7392 |   6573 |    819 |   2277 |   2940 |   4 | 1848.0 |
           Zot |   8538 |   8012 |    526 |   2866 |   3814 |   5 | 1707.6 |
      Ziggurat |   1125 |   1125 |      0 |    141 |    675 |  12 |   93.8 |
         Trove |     67 |     67 |      0 |      0 |      7 |   1 |   67.0 |
        Bailey |   1003 |   1003 |      0 |    258 |    292 |   1 | 1003.0 |
      Ice Cave |    135 |    135 |      0 |     75 |     22 |   1 |  135.0 |
        Wizlab |    204 |    204 |      0 |     78 |      0 |   1 |  204.0 |
      Gauntlet |    462 |    462 |      0 |      3 |    194 |   1 |  462.0 |
               +--------+--------+--------+--------+--------+-----+--------+

Top non-repeatable levels by time:
Depths:3: 2979 daAuts
   Elf:3: 2939 daAuts
   Zot:5: 2461 daAuts
Spider:2: 2457 daAuts
Vaults:3: 2072 daAuts
    D:14: 2040 daAuts
   Zot:1: 2023 daAuts
   Zot:2: 1776 daAuts
   Elf:1: 1772 daAuts
Depths:2: 1743 daAuts
   Orc:2: 1689 daAuts
Spider:4: 1676 daAuts
Vaults:1: 1581 daAuts
Vaults:2: 1563 daAuts
Depths:4: 1554 daAuts
